 Dungeon Crawl Stone Soup version 0.27-a0-512-g57cc695410 (webtiles) character file.

Game seed: 2319863120617437218

2391 kae the Cleaver (level 9, 0/82 HPs)
             Began as a Hill Orc Fighter on Mar 3, 2021.
             Was a Follower of Qazlal.
             Killed from afar by Dowan (14 damage)
             ... with a stone arrow
             ... on level 7 of the Dungeon.
             The game lasted 00:03:44 (6646 turns).

kae the Cleaver (Hill Orc Fighter)                  Turns: 6646, Time: 00:03:44

Health: 0/82       AC: 12    Str: 22    XL:     9   Next: 46%
Magic:  12/12      EV:  9    Int:  8    God:    Qazlal [*.....]
Gold:   274        SH:  6    Dex: 10    Spells: 8/8 levels left

rFire    . . .     SeeInvis .   a - +0 war axe
rCold    . . .     Faith    .   j - +0 buckler
rNeg     . . .     Spirit   .   b - +0 scale mail
rPois    .         Reflect  .   E - +2 helmet
rElec    .         Harm     .   (no cloak)
rCorr    .         Rampage  .   (no gloves)
Will     .....                  B - +1 pair of boots
Stlth    ..........             (no amulet)
HPRegen  0.23/turn              (no ring)
MPRegen  0.13/turn              (no ring)

@: mighty, lethally poisoned (0 -> -4)
A: no striking features
a: Renounce Religion


You were on level 7 of the Dungeon.
You worshipped Qazlal.
Qazlal was aware of your devotion.
You visited 2 branches of the dungeon, and saw 8 of its levels.

You collected 274 gold pieces.

Inventory:

Hand Weapons
 a - a +0 war axe (weapon)
Armour
 b - a +0 scale mail (worn)
 j - a +0 buckler (worn)
 B - a +1 pair of boots (worn)
 E - a +2 helmet (worn)
Jewellery
 i - an amulet of magic regeneration
 m - a ring of protection from cold
 n - a ring of willpower
 q - a ring of fire
 s - a +6 ring of intelligence
 w - a ring of protection from cold
 y - a ring of positive energy
 C - a ring of wizardry
Scrolls
 f - 3 scrolls of identify
 h - 3 scrolls of enchant armour
 k - 2 scrolls of blinking
 l - 3 scrolls of teleportation
 t - a scroll of amnesia
 u - a scroll of noise
 A - 2 scrolls of fear
Potions
 e - 3 potions of heal wounds
 g - a potion of resistance
 o - 3 potions of curing
 p - a potion of magic
 v - a potion of brilliance
 x - a potion of berserk rage
 z - 5 potions of flight
 D - a potion of haste


   Skills:
 + Level 8.9 Fighting
 * Level 12.3 Axes
 - Level 3.2 Armour
 - Level 4.0 Shields
 + Level 4.5 Invocations


You had 8 spell levels left.
You didn't know any spells.
Your spell library contained the following spells:

 Spells                   Type           Power        Failure   Level
 Beastly Appendage        Tmut           0%           75%         1
 Foxfire                  Conj/Fire      0%           75%         1
 Wereblood                Tmut           0%           86%         2
 Conjure Flame            Conj/Fire      0%           98%         3
 Inner Flame              Hex/Fire       0%           98%         3
 Spider Form              Tmut/Pois      0%           98%         3
 Ice Form                 Ice/Tmut       0%           100%        4
 Sticky Flame             Conj/Fire      0%           100%        4
 Blade Hands              Tmut           0%           100%        5
 Fireball                 Conj/Fire      0%           100%        5


Dungeon Overview and Level Annotations

Branches:
Dungeon (7/15)             Temple (1/1) D:5

Altars:
Ashenzari
Elyvilon
Fedhas
Gozag
Hepliaklqana
Kikubaaqudgha
Okawaru
Qazlal
Ru
Sif Muna
Uskayaw
Wu Jian
Xom
Yredelemnul
Zin
The Shining One

Annotations:
D:7 Dowan


Message History

Your Invocations skill increases to level 4!
You barely miss Duvessa.
Duvessa is almost dead.
You miss something.
You feel sick.
Duvessa is no longer moving quickly.
Something hits you but does no damage. Duvessa hits you with a +0 short sword.
* * * LOW HITPOINT WARNING * * *
You slice something!! You hit Duvessa.
You kill Duvessa!
Qazlal accepts your kill.
You hear a distant wail of despair.
You feel sick. Something hits you but does no damage.
You completely miss something.
You feel sick.
Dowan seems to find hidden reserves of power!
You block something's attack. The gnoll hits you but does no damage.
You miss something.
You feel sick.
Dowan mumbles some strange words.
Dowan blinks!
Something hits you but does no damage.
The gnoll hits you from afar with a +2 vampiric spear.
* * * LOW HITPOINT WARNING * * *
You closely miss something.
You feel sick. Something hits you but does no damage.
You slice something!! Qazlal accepts your kill.
Reactivating autopickup.
You feel a bit more experienced. The gnoll barely misses you.
You feel sick. The gnoll hits you but does no damage.
You completely miss the gnoll.
You feel sick. You block the gnoll's attack.
You slash the gnoll!
You kill the gnoll!
Qazlal accepts your kill.
You feel sick.
Dowan points at you and mumbles some strange words.
The shard of ice misses you.
You feel sick.
Dowan zaps a wand.
You easily resist.
Things that are here:
a +2 vampiric spear; a gnoll corpse You barely miss Dowan.
You feel sick. You block Dowan's attack.
Dowan points at you and mumbles some strange words.
The stone arrow hits you!
You die...

#.........§..#
#......).g...#
#......g.e...#
#.......>....######
#.................#
#.................#
###########.......#
#..)...........#
#††.@eg.......##
#...§.........#
#.............#
#.............#
#....[........#
#.............#
############


You could see Dowan (fast) and a gnoll.

Vanquished Creatures
  Prince Ribbit (D:5)
  Sigmund (D:2)
  Duvessa (D:7)
  4 sky beasts
  A centaur (D:6)
  3 ogres
  A phantom (D:6)
  2 bullfrogs
  3 killer bees (D:7)
  A scorpion (D:4)
  4 wights (D:6)
  A centaur zombie (D:6)
  4 orc priests
  3 bullfrog skeletons
  A hound (D:4)
  2 jellies
  An iguana (D:5)
  An orc wizard (D:6)
  4 worker ants
  3 gnolls (D:7)
  8 adders
  A shadow imp (D:6)
  2 white imps (D:6)
  3 ufetubi
  An ooze (D:3)
  An adder skeleton (D:5)
  A worm (D:4)
  2 dart slugs (D:3)
  2 leopard geckos
  16 orcs
  A ball python (D:2)
  7 bats
  5 giant cockroaches
  6 hobgoblins
  5 jackals
  6 quokkas
  3 frilled lizards
  4 goblins
  A jackal skeleton (D:4)
  7 kobolds
  A quokka skeleton (D:7)
  4 rats
129 creatures vanquished.

Notes
Turn   | Place    | Note
-------+----------+-------------------------------------------
     0 | D:1      | kae the Hill Orc Fighter began the quest for the Orb.
     0 | D:1      | Reached XP level 1. HP: 19/19 MP: 1/1
    99 | D:1      | Reached skill level 3 in Axes
   164 | D:1      | Reached XP level 2. HP: 27/27 MP: 2/2
   757 | D:2      | Reached XP level 3. HP: 22/33 MP: 3/3
   883 | D:2      | Reached skill level 4 in Axes
   891 | D:2      | Noticed Sigmund
   902 | D:2      | Killed Sigmund
   903 | D:2      | Reached skill level 5 in Axes
   903 | D:2      | Reached XP level 4. HP: 24/41 MP: 4/4
   903 | D:2      | Reached XP level 5. HP: 28/47 MP: 5/5
   963 | D:2      | Reached skill level 5 in Fighting
  1455 | D:3      | Reached skill level 6 in Axes
  1681 | D:3      | Found a broken altar of Ashenzari.
  1681 | D:3      | Found a shimmering blue altar of Sif Muna.
  1792 | D:3      | Reached XP level 6. HP: 56/56 MP: 6/6
  2508 | D:4      | Reached skill level 7 in Axes
  2656 | D:4      | Reached XP level 7. HP: 59/62 MP: 7/7
  3130 | D:5      | Entered Level 5 of the Dungeon
  3130 | D:5      | Noticed Prince Ribbit
  3756 | D:4      | Reached skill level 8 in Axes
  4299 | D:5      | Reached skill level 9 in Axes
  4396 | D:5      | Found a staircase to the Ecumenical Temple.
  4427 | D:5      | Reached XP level 8. HP: 62/71 MP: 8/8
  4436 | Temple   | Entered the Ecumenical Temple
  4694 | Temple   | Became a worshipper of Qazlal Stormbringer
  4919 | D:5      | Found an ornate altar of the Wu Jian Council.
  4951 | D:5      | Killed Prince Ribbit
  4952 | D:5      | Reached skill level 10 in Axes
  5557 | D:6      | Reached skill level 1 in Invocations
  5560 | D:6      | Reached skill level 11 in Axes
  6070 | D:6      | Reached XP level 9. HP: 72/81 MP: 9/11
  6078 | D:6      | Reached * piety under Qazlal
  6601 | D:7      | Noticed Duvessa
  6601 | D:7      | Noticed Dowan
  6622 | D:7      | Reached skill level 12 in Axes
  6637 | D:7      | Killed Duvessa
  6646 | D:7      | Killed from afar by Dowan

Illustrated notes

Levels and vault maps discovered:
D:1:      minmay_arrival_doors, layout_basic
D:2:      layout_basic, skrybe_limestone_x, chequers_hall_statues_wall_a,
          uniq_sigmund
D:3:      layout_loops_ring, gammafunk_temple_overflow_pools
D:4:      layout_loops_ring, hangedman_abyss_or_decor_stagger
D:5:      layout_cave_pools, nzn_wu_jian_contemplation,
          minmay_temple_entry_junction_2, uniq_prince_ribbit1
D:6:      layout_rooms
D:7:      layout_basic, hex_large, minmay_tree_intersection, uniq_duvessa
Temple:   nicolae_temple_figure_eight

Skill      XL: |  1  2  3  4  5  6  7  8  9 |
---------------+----------------------------+-----
Axes           | 3 5 6 7 9 11 12 | 12.3
Fighting       | 4 5 6 8 |  8.9
Shields        | 4 |  4.0
Invocations    | 2 4 |  4.5
Armour         | |  3.2

Action                   |  1- 3 |  4- 6 |  7- 9 || total
-------------------------+-------+-------+-------++-------
Melee: War axe           |    75 |   114 |   225 ||   414
       Unarmed           |       |       |    14 ||    14
  Use: Scroll            |       |       |    17 ||    17
       Potion            |       |       |     3 ||     3
Armor: Scale mail        |    41 |    51 |   125 ||   217
       Skin              |       |       |     7 ||     7
Dodge: Dodged            |    31 |    39 |   144 ||   214
Block: Kite shield       |    12 |       |       ||    12
       Buckler           |    17 |    29 |    57 ||   103
       Other             |       |       |     7 ||     7

Table legend: (Time is in decaauts)
 A = Elapsed time spent in this place.
 B = Non-inter-level travel time spent in this place.
 C = Inter-level travel time spent in this place.
 D = Time resting spent in this place.
 E = Time spent auto-exploring this place.
 F = Levels seen in this place.
 G = Mean time per level.
                   A        B        C        D        E       F      G
               +--------+--------+--------+--------+--------+-----+--------+
         Total |   6697 |   6371 |    326 |   1333 |   4150 |   8 |  837.1 |
       Dungeon |   6419 |   6130 |    289 |   1333 |   3911 |   7 |  917.0 |
        Temple |    278 |    241 |     37 |      0 |    239 |   1 |  278.0 |
               +--------+--------+--------+--------+--------+-----+--------+

Top non-repeatable levels by time:
     D:4: 1599 daAuts
     D:5: 1273 daAuts
     D:6: 1057 daAuts
     D:2: 990 daAuts
     D:3: 817 daAuts
     D:1: 486 daAuts
  Temple: 278 daAuts
     D:7: 194 daAuts
